 Dungeon Crawl Stone Soup version 0.28.0-53-g5a82cb258f (webtiles) character file.

Game seed: 13711368088411235756

41561 cbfl8 the Stickfighter (level 13, -1/122 HPs)
             Began as a Minotaur Berserker on July 12, 2022.
             Was an Elder of Trog.
             Slain by an entropy weaver simulacrum (6 damage)
             ... in an ice cave.
             The game lasted 00:49:59 (22201 turns).

cbfl8 the Stickfighter (Minotaur Berserker)        Turns: 22201, Time: 00:50:00

Health: -1/122     AC: 11    Str: 23    XL:     13   Next: 80%
Magic:  12/12      EV: 16    Int:  4    God:    Trog [****..]
Gold:   1092       SH:  0    Dex: 14    Spells: 12/12 levels left

rFire   x . .      SeeInvis +   i - +2 quarterstaff (spect)
rCold   + + +      Faith    .   (shield currently unavailable)
rNeg    . . .      Spirit   .   P - +4 skin of Zhor {*Englaciate rC+++ SInv}
rPois   .          Reflect  .   (helmet restricted)
rElec   .          Harm     .   N - +1 cloak {rC+}
rCorr   .          Rampage  .   x - +0 pair of gloves
Will    .....                   (no boots)
Stlth   +++.......              f - amulet of the acrobat
HPRegen 0.30/turn               C - ring of ice
MPRegen 0.13/turn               g - ring of protection from cold

@: on berserk cooldown, slowed, very slow
A: horns 2, retaliatory headbutt
a: Renounce Religion, Berserk, Trog's Hand, Brothers in Arms


You were in an ice cave.
You worshipped Trog.
Trog was greatly pleased with you.
You visited 3 branches of the dungeon, and saw 17 of its levels.
You also visited: Ice Cave.

You collected 1092 gold pieces.

Inventory:

Hand Weapons
 i - a +2 spectral quarterstaff (weapon)
 I - a +3 long sword of freezing
 J - a +1 shortbow of freezing
 M - a +3 trident of holy wrath
Missiles
 l - 3 throwing nets
 K - 135 arrows
Armour
 c - the +6 scale mail of Broken Taboos {rElec}
   (You took it off Joseph on level 8 of the Dungeon)

   rElec:     It insulates you from electricity.
 v - the +5 ring mail of Itropp {rCorr Str+3}
   (You found it on level 4 of the Dungeon)

   Str:       It affects your strength (+3).
   rCorr:     It protects you from acid and corrosion.
 x - a +0 pair of gloves (worn)
 N - a +1 cloak of cold resistance (worn)
 P - the +4 skin of Zhor (worn) {*Englaciate rC+++ SInv}
   (You found it on level 8 of the Dungeon)

   It radiates cold, occasionally slowing all nearby creatures who are not
   resistant to cold.
   rC:        It renders you almost immune to cold.
   SInv:      It lets you see invisible.
Jewellery
 f - an amulet of the acrobat (around neck)
 g - a ring of protection from cold (right hand)
 k - a ring of fire
 r - a +4 ring of protection
 z - a +4 ring of protection
 C - a ring of ice (left hand)
Wands
 t - a wand of paralysis (25)
 y - a wand of polymorph (2)
 A - a wand of iceblast (18)
 B - a wand of flame (27)
 E - a wand of acid (13) (quivered)
 Q - a wand of digging (7)
 X - a wand of mindburst (6)
 Z - a wand of charming (4)
Scrolls
 a - a scroll of blinking {unknown}
 d - 3 scrolls of fog
 e - a scroll of fear
 j - 4 scrolls of immolation
 n - 3 scrolls of enchant weapon
 s - a scroll of vulnerability {unknown}
 w - a scroll of noise {unknown}
 F - 2 scrolls of silence
 H - 3 scrolls of teleportation
 L - 2 scrolls of brand weapon
 O - a scroll of enchant armour {unknown}
 S - a scroll of amnesia {unknown}
Potions
 b - 3 potions of flight {unknown}
 h - 2 potions of cancellation {unknown}
 m - 2 potions of magic {unknown}
 p - a potion of ambrosia {unknown}
 q - 4 potions of might
 u - 2 potions of berserk rage {unknown}
 G - 4 potions of attraction
 R - a potion of brilliance {unknown}
 T - a potion of curing
 U - 2 potions of resistance {unknown}
 V - 2 potions of lignification {unknown}
 Y - 2 potions of degeneration {unknown}


   Skills:
 + Level 13.1 Fighting
 + Level 4.0(6.5) Short Blades
 + Level 8.9(9.4) Long Blades
 + Level 5.2(5.7) Axes
 + Level 3.2(11.1) Maces & Flails
 + Level 15.4(15.5) Staves
 + Level 1.0 Bows
 + Level 12.8 Armour
 + Level 9.6 Dodging
 + Level 5.6 Stealth
 + Level 0.2 Evocations


You had 12 spell levels left.
You didn't know any spells.
Your spell library was empty.

Dungeon Overview and Level Annotations

Branches:
Dungeon (10/15)            Temple (1/1) D:7            Lair (6/6) D:8
  Swamp (0/4) Lair:3        Snake (0/4) Lair:2        Slime (0/5) Lair:5
  IceCv (1/1)
    Orc: D:9-12

Altars:
Cheibriados
Dithmenos
Gozag
Okawaru
Ru
Sif Muna
Trog
Vehumet
Xom
Zin
The Shining One
Jiyva

Annotations:
Lair:4 exclusion: 2 oklob plants
Lair:5 1 runed translucent door


Innate Abilities, Weirdness & Mutations

You have a pair of horns on your head.
You reflexively headbutt those who attack you in melee.


Message History

The entropy weaver simulacrum hits you.
* * * LOW HITPOINT WARNING * * *
The entropy weaver simulacrum freezes you!
You resist.
* * * LOW HITPOINT WARNING * * *
The entropy weaver simulacrum hits you.
* * * LOW HITPOINT WARNING * * *
The entropy weaver simulacrum freezes you!
You resist.
* * * LOW HITPOINT WARNING * * *
The entropy weaver simulacrum completely misses you.
The entropy weaver simulacrum closely misses you.
Okay, then.
Okay, then.
You feel better.
The entropy weaver simulacrum completely misses you.
You furiously retaliate!
You headbutt the entropy weaver simulacrum!
The entropy weaver simulacrum barely misses you.
The entropy weaver simulacrum completely misses you.
The entropy weaver simulacrum hits you.
* * * LOW HITPOINT WARNING * * *
The entropy weaver simulacrum freezes you.
You resist.
* * * LOW HITPOINT WARNING * * *
The entropy weaver simulacrum hits you.
* * * LOW HITPOINT WARNING * * *
The entropy weaver simulacrum freezes you.
You resist.
* * * LOW HITPOINT WARNING * * *
The entropy weaver simulacrum barely misses you.
The entropy weaver simulacrum closely misses you.
The entropy weaver simulacrum hits you but does no damage.
You feel better.
You radiate an aura of cold.
The entropy weaver simulacrum is unaffected.
The entropy weaver simulacrum hits you!
* * * LOW HITPOINT WARNING * * *
The entropy weaver simulacrum freezes you.
You resist.
You die...

##..###..#
#[..##..#
#...#..##
#...##.##
##.....#
#......#
#.⌠..##
##.#..##
#...##
##.#####
##..#
#.##.##
##.#
##.#)§# .##
##Z#.ZZ...#
#
#@#....#$|
####.Z.#
#.## ##


You could see an entropy weaver simulacrum.

Vanquished Creatures
  Rupert (Lair:5)
  4 hydras
  A boulder beetle (Lair:5)
  A two-headed ogre (D:9)
  9 death yaks (Lair:5)
  2 bog bodies (Lair:3)
  2 oklob plants
  An ugly thing (IceCv)
  10 elephants (Lair:4)
  5 black mambas
  Joseph (D:8)
  A torpor snail (Lair:3)
  An ice statue (IceCv)
  11 cane toads
  8 rime drakes
  2 ice devils (IceCv)
  7 komodo dragons
  An entropy weaver simulacrum (IceCv)
  10 blink frogs
  2 hornets
  A dire elephant simulacrum (IceCv)
  A shadow (D:9)
  A wraith (D:9)
  4 wyverns
  23 yaks
  3 basilisks
  A harpy simulacrum (IceCv)
  22 water moccasins
  A floating eye (Lair:4)
  3 orc warriors
  An ice beast (D:6)
  A sky beast (D:5)
  A swamp drake (D:8)
  2 black bears
  3 necrophages
  3 centaurs
  5 wolves (Lair:3)
  A phantom (D:4)
  2 kobold brigands
  13 bullfrogs
  A gnoll sergeant (D:9)
  5 scorpions
  6 two-headed ogre simulacra (IceCv)
  A wyvern skeleton (D:7)
  9 killer bees
  2 elephant simulacra (IceCv)
  5 wights (D:6)
  An electric eel (Lair:5)
  3 hounds
  Crazy Yiuf (D:5)
  6 orc priests
  4 iguanas
  Ijyb (D:5)
  7 orc wizards
  5 spriggan simulacra (IceCv)
  7 troll simulacra (IceCv)
  A polar bear simulacrum (IceCv)
  A hound zombie (D:5)
  A howler monkey zombie (D:8)
  2 howler monkey skeletons
  3 gnolls (D:9)
  5 naga simulacra (IceCv)
  6 adders
  4 shadow imps
  8 white imps (IceCv)
  4 ufetubi (IceCv)
  A worm (D:2)
  2 dart slugs
  20 orcs
  6 endoplasms
  4 giant cockroaches
  4 goblins
  9 hobgoblins
  2 jackals (D:3)
  3 quokkas (D:2)
  8 ball pythons
  7 bats
  2 frilled lizards (D:2)
  18 kobolds
  5 rats
362 creatures vanquished.

Vanquished Creatures (collateral kills)
  A reaper (IceCv)
  A troll simulacrum (IceCv)
  A naga simulacrum (IceCv)
3 creatures vanquished.

Vanquished Creatures (others)
  12 fungi
  25 plants
37 creatures vanquished.

Grand Total: 402 creatures vanquished

Notes
Turn   | Place    | Note
-------+----------+-------------------------------------------
     0 | D:1      | cbfl8 the Minotaur Berserker began the quest for the Orb.
     0 | D:1      | Reached XP level 1. HP: 19/19 MP: 0/0
   159 | D:1      | Reached XP level 2. HP: 22/27 MP: 1/1
  1076 | D:1      | Reached XP level 3. HP: 33/33 MP: 2/2
  1344 | D:2      | Reached ** piety under Trog
  1823 | D:2      | Found a shadowy altar of Dithmenos.
  1949 | D:2      | Reached XP level 4. HP: 40/40 MP: 3/3
  2730 | D:3      | Reached skill level 5 in Axes
  2978 | D:3      | Found a faded altar of an unknown god.
  3206 | D:3      | Found an iron altar of Okawaru.
  3271 | D:4      | Found a glowing silver altar of Zin.
  3371 | D:4      | Noticed a scorpion
  3383 | D:4      | Killed a scorpion
  3384 | D:4      | Reached skill level 1 in Short Blades
  3384 | D:4      | Reached XP level 5. HP: 47/47 MP: 4/4
  3559 | D:4      | Reached skill level 1 in Stealth
  3705 | D:4      | Found a radiant altar of Vehumet.
  4037 | D:4      | Noticed a phantom
  4050 | D:4      | Killed a phantom
  4051 | D:4      | Reached XP level 6. HP: 43/55 MP: 5/5
  4508 | D:4      | Identified the +5 ring mail of Itropp {rCorr Str+3}
  4775 | D:5      | Entered Level 5 of the Dungeon
  5224 | D:5      | Found a glowing golden altar of the Shining One.
  5234 | D:5      | Reached skill level 5 in Armour
  5302 | D:5      | Reached XP level 7. HP: 60/60 MP: 6/6
  5351 | D:5      | Reached skill level 5 in Fighting
  5468 | D:5      | Reached skill level 1 in Maces & Flails
  5481 | D:5      | Reached *** piety under Trog
  5606 | D:5      | Found a runed translucent door.
  5607 | D:5      | Noticed Crazy Yiuf
  5700 | D:5      | Noticed Ijyb
  5707 | D:5      | Killed Ijyb
  5760 | D:5      | Found a shimmering altar of Xom.
  5902 | D:5      | Killed Crazy Yiuf
  5999 | D:6      | Reached skill level 1 in Staves
  5999 | D:6      | Reached XP level 8. HP: 43/68 MP: 7/7
  6228 | D:6      | You fall into a shaft and drop 1 floor!
  6393 | D:6      | Reached skill level 2 in Staves
  6460 | D:6      | Reached skill level 3 in Staves
  6956 | D:6      | Reached skill level 5 in Dodging
  6979 | D:6      | Found the +4 robe of Augmentation {Str+4 Int+4 Dex+4}
  7020 | D:6      | Reached skill level 4 in Staves
  7299 | D:6      | Found a shimmering blue altar of Sif Muna.
  7589 | D:6      | Reached skill level 5 in Staves
  7743 | D:7      | Reached skill level 1 in Long Blades
  7762 | D:7      | Reached XP level 9. HP: 58/75 MP: 8/8
  8056 | D:7      | Reached skill level 6 in Staves
  8211 | D:7      | Found a staircase to the Ecumenical Temple.
  8374 | Temple   | Entered the Ecumenical Temple
  8438 | D:7      | Reached **** piety under Trog
  8959 | D:8      | Noticed a rime drake
  8959 | D:8      | Noticed a rime drake
  8960 | D:8      | Noticed a rime drake
  8960 | D:8      | Noticed a rime drake
  8961 | D:8      | Noticed a rime drake
  8968 | D:8      | Found the +4 skin of Zhor {*Englaciate rC+++ SInv}
  9000 | D:8      | Paralysed by a hornet for 1 turns
  9036 | D:8      | Identified the +6 scale mail of Broken Taboos {rElec}
  9036 | D:8      | Noticed Joseph
  9390 | D:8      | Reached skill level 5 in Long Blades
  9581 | D:8      | Noticed a komodo dragon
  9603 | D:8      | Killed a komodo dragon
  9653 | D:8      | Killed Joseph
  9654 | D:8      | Reached XP level 10. HP: 19/86 MP: 9/9
 10684 | D:9      | Noticed a two-headed ogre
 10691 | D:9      | Killed a two-headed ogre
 10823 | D:9      | Reached skill level 7 in Staves
 11431 | D:10     | Entered Level 10 of the Dungeon
 11669 | D:8      | Reached skill level 8 in Staves
 11677 | D:8      | Reached XP level 11. HP: 65/95 MP: 10/10
 11979 | D:8      | Found a staircase to the Lair.
 12064 | Lair:1   | Entered Level 1 of the Lair of Beasts
 12575 | Lair:1   | Reached skill level 9 in Staves
 12729 | Lair:1   | Reached skill level 10 in Staves
 13109 | Lair:1   | Reached skill level 10 in Armour
 13262 | Lair:1   | Noticed a seven-headed hydra
 13272 | Lair:1   | Killed a seven-headed hydra
 13500 | Lair:1   | Reached skill level 11 in Staves
 14390 | Lair:2   | Reached skill level 12 in Staves
 14390 | Lair:2   | Reached XP level 12. HP: 87/106 MP: 11/11
 14465 | Lair:2   | Found a staircase to the Snake Pit.
 14576 | Lair:2   | Noticed a four-headed hydra
 14587 | Lair:2   | Killed a four-headed hydra
 14588 | Lair:2   | Reached skill level 10 in Fighting
 14786 | Lair:2   | You fall into a shaft and drop 2 floors!
 14897 | Lair:4   | Reached skill level 13 in Staves
 15340 | Lair:3   | Reached ***** piety under Trog
 15346 | Lair:3   | Found a staircase to the Swamp.
 15481 | Lair:3   | Reached skill level 14 in Staves
 16046 | Lair:2   | Noticed a six-headed hydra
 16052 | Lair:2   | Killed a six-headed hydra
 17330 | Lair:4   | Reached XP level 13. HP: 105/117 MP: 12/12
 17523 | Lair:4   | Paralysed by a floating eye for 2 turns
 18842 | Lair:5   | Found a runed translucent door.
 18842 | Lair:5   | Noticed an azure jelly
 18843 | Lair:5   | Found a viscous altar of Jiyva.
 18843 | Lair:5   | Noticed an azure jelly
 18845 | Lair:5   | Found a staircase to the Slime Pits.
 18846 | Lair:5   | Noticed an azure jelly
 18846 | Lair:5   | Noticed an azure jelly
 18920 | Lair:5   | Noticed Rupert
 18920 | Lair:5   | Paralysed by Rupert for 2 turns
 18931 | Lair:5   | Paralysed by Rupert for 6 turns
 18946 | Lair:5   | Killed Rupert
 19511 | Lair:5   | Reached skill level 5 in Stealth
 19610 | Lair:5   | Reached skill level 15 in Staves
 20271 | Lair:5   | Reached skill level 1 in Bows
 20782 | Lair:6   | Entered Level 6 of the Lair of Beasts
 20842 | Lair:6   | Found a frozen archway.
 20857 | IceCv    | Entered an ice cave
 22163 | IceCv    | Noticed a reaper
 22184 | IceCv    | Killed a reaper
 22200 | IceCv    | HP: 5/122 [entropy weaver simulacrum (4)]
 22201 | IceCv    | Slain by an entropy weaver simulacrum

Illustrated notes

Levels and vault maps discovered:
D:1:      amcnicky_arrival_double_pillar, layout_basic
D:2:      layout_loops_corners, serial_rivers, chequers_serial_rivers_marsh,
          chequers_serial_rivers_small_b, chequers_serial_rivers_small_b,
          chequers_serial_rivers_room_b, chequers_serial_rivers_small_3,
          chequers_serial_rivers_micro_a, basic_altar
D:3:      layout_basic, lemuel_coloured_pillars_altar,
          shapermc_ecumenical_altar_gd, serial_glass, glass_columns_a,
          glass_columns_a
D:4:      layout_layer_cave, fiery_altar_vehumet, zin_academy
D:5:      layout_cave_pools, lemuel_crystal_altar, kennysheep_mini, uniq_ijyb,
          uniq_crazy_yiuf_cottage
D:6:      hellmonk_destroyed_diamonds, layout_loops_ring,
          mainiacjoe_overflow_24_doors
D:7:      layout_cave_pools, minmay_temple_entry_hall
D:8:      layout_loops_ring, erik_lair_dragon, hellmonk_guarded_unrand_zhor,
          uniq_joseph
D:9:      layout_irregular_city, small_statue_intersection,
          kennysheep_nondescript
D:10:     layout_layer_cave, mainiacjoe_overflow_divided_tiny, uniq_erolcha,
          uniq_urug, uniq_harold
Temple:   zaba_magenta_temple
Lair:1:   layout_roguey, minivault_24
Lair:2:   layout_loops_ring, minmay_snake_entry_six_corridors,
          chequers_serial_rivers_room_a, minmay_lindwurm_lava
Lair:3:   layout_regular_city, skrybe_swamp_entry_bodies, grunt_megastairs_2
Lair:4:   layout_regular_city, disabler_island
Lair:5:   layout_regular_city, slime_altar_2, infiniplex_staircase_pool,
          uniq_rupert
Lair:6:   due_jungle_book, layout_long_grid, portal_ice_cave_rime
IceCv:    ice_cave_caverns_01

Skill      XL: |  1  2  3  4  5  6  7  8  9 10 11 12 13 |
---------------+----------------------------------------+-----
Axes           | 4 5 |  5.2
Fighting       | 4 5 6 7 8 9 11 13 | 13.1
Short Blades   | 1 2 3 4 |  4.0
Armour         | 3 4 5 6 7 8 9 10 11 12 | 12.8
Dodging        | 3 4 5 6 7 8 9 |  9.6
Stealth        | 1 2 3 4 5 |  5.6
Maces & Flails | 2 3 |  3.2
Staves         | 1 5 6 8 12 14 15 | 15.4
Long Blades    | 2 6 8 |  8.9
Bows           | 1 |  1.0
Evocations     | |  0.2

Action                   |  1- 3 |  4- 6 |  7- 9 | 10-12 | 13-15 || total
-------------------------+-------+-------+-------+-------+-------++-------
Melee: Hand axe          |    63 |       |       |       |       ||    63
       Headbutt          |    17 |    12 |    35 |    92 |    80 ||   236
       Dagger            |    26 |   106 |       |       |       ||   132
       Punch             |     1 |       |     1 |       |       ||     2
       Mace              |       |    10 |    49 |       |       ||    59
       Quarterstaff      |       |       |    66 |   418 |   241 ||   725
       Long sword        |       |       |   124 |     9 |       ||   133
 Fire: Shortbow          |       |       |       |       |     5 ||     5
Invok: Berserk           |       |     1 |     3 |     1 |     3 ||     8
       Trog's Hand       |       |       |     2 |       |       ||     2
       Brothers in Arms  |       |       |     1 |       |     3 ||     4
Evoke: Wand              |       |       |       |       |     1 ||     1
  Use: Potion            |       |     2 |       |     3 |     6 ||    11
       Scroll            |       |       |     7 |     3 |     3 ||    13
 Stab: Distracted        |       |       |       |     7 |     4 ||    11
Armor: Animal skin       |    13 |       |       |       |    24 ||    37
       Ring mail         |     7 |    37 |   140 |     1 |       ||   185
       Scale mail        |       |       |       |   185 |    49 ||   234
Dodge: Dodged            |    63 |    80 |   220 |   309 |   172 ||   844
